 Dungeon Crawl Stone Soup version 0.20-a0-942-ga5226df (webtiles) character file.

11 M4edhros the Grave Robber (level 2, -7/17 HPs)
             Began as an Octopode Necromancer on Apr 1, 2017.
             Mangled by a worm (12 damage)
             ... on level 2 of the Dungeon.
             The game lasted 00:01:23 (221 turns).

M4edhros the Grave Robber (Octopode Necromancer)     Turns: 221, Time: 00:01:24

Health: -7/17      AC:  1    Str:  7    XL:     2   Next: 29%
Magic:  5/5        EV: 13    Int: 17    God:
Gold:   17         SH:  0    Dex: 12    Spells: 3/5 levels left

rFire    . . .     SeeInvis .     - Unarmed
rCold    . . .     Gourm    .   (no shield)
rNeg     . . .     Faith    .   (helmet restricted)
rPois    .         Spirit   .   (no amulet)
rElec    .         Reflect  .   (no ring)
rCorr    .         Harm     .   (no ring)
MR       .....                  (no ring)
Stlth    +++.......             (no ring)
Regen    0.1/turn               (no ring)
MPRegen  0.1/turn               (no ring)
                                (no ring)
                                (no ring)

@: no status effects
A: almost no armour, stealthy swim, amphibious, 8 rings, constrict 8, camouflage
1, gelatinous body 1
a: no special abilities


You were on level 2 of the Dungeon.
You were not hungry.

You visited 1 branch of the dungeon, and saw 2 of its levels.

You collected 17 gold pieces.

Inventory:

Potions
 c - a potion of curing {unknown}
 d - a potion of heal wounds {unknown}
 e - 2 potions of lignification {unknown}
Books
 a - a book of Necromancy

   Spells                             Type                      Level
   a - Pain                           Necromancy                   1
   b - Animate Skeleton               Necromancy                   1
   c - Vampiric Draining              Necromancy                   3
   d - Regeneration                   Charms/Necromancy            3
   e - Animate Dead                   Necromancy                   4
   f - Control Undead                 Necromancy                   4
Comestibles
 b - a bread ration
 f - 11 chunks of flesh
 g - a meat ration


   Skills:
 - Level 2.0 Dodging
 - Level 2.6 Stealth
 + Level 1.9 Unarmed Combat
 - Level 2.0 Spellcasting
 - Level 4.0 Necromancy


You had 3 spell levels left.
You knew the following spells:

 Your Spells              Type           Power        Failure   Level  Hunger
a - Pain                  Necr           ###.         3%          1    #......
b - Animate Skeleton      Necr           N/A          3%          1    #......


Dungeon Overview and Level Annotations

Branches:
Dungeon (2/15)

Altars:
Ashenzari
Fedhas
Hepliaklqana
Trog


Innate Abilities, Weirdness & Mutations

You cannot wear most types of armour.
You are very stealthy in the water. (Stealth+)
You are amphibious.
You can wear up to eight rings at the same time.
You can use your tentacles to constrict eight enemies at once.
Your skin changes colour to match your surroundings (Stealth+).
Your rubbery body absorbs attacks. (AC +1, EV +1)


Message History

Confirm with . or Enter, or press ? or * to list all spells.
You attempt to give life to the dead...
Before your eyes, flesh is ripped from the corpse!
The dead are walking!
f - 11 chunks of flesh (gained 1)
Found a hazy altar of Hepliaklqana.
Found a blossoming altar of Fedhas.
You swap places.
You barely miss the worm. You grab the worm. You constrict the worm.
You tentacle-slap the worm.
The worm is lightly wounded.
You constrict the worm, but do no damage.
The worm bites you!
* * * LOW HITPOINT WARNING * * *
Your hobgoblin skeleton hits the worm with a club.
You tentacle-slap the worm but do no damage.
The worm is lightly wounded.
You constrict the worm. The worm bites you!
Ouch! That really hurt!
You die...

#......#
###..## #.....#
###..### ##
#⌠.....# #<
###..### #.
#_...._# #.
###..### #.
#_Z@Z._# ###
##8w.8## ..#
##..#.# ## #.#
#....# #. #.#
####.# #..#.#
#.# ####..#.#
#.# ....w....
#.###########.#
#...Z....w....#


You could see a worm, a friendly goblin skeleton and a friendly hobgoblin
skeleton.

Vanquished Creatures
  A dart slug (D:1)
  A hobgoblin (D:2)
  2 bats (D:1)
  A frilled lizard (D:1)
  3 goblins
  A kobold (D:1)
  2 rats (D:1)
11 creatures vanquished.

Notes
Turn   | Place    | Note
-------+----------+-------------------------------------------
     0 | D:1      | M4edhros the Octopode Necromancer began the quest for the Orb.
     0 | D:1      | Reached XP level 1. HP: 11/11 MP: 3/3
    33 | D:1      | Reached skill level 1 in Unarmed Combat
    43 | D:1      | Learned a level 1 spell: Animate Skeleton
    59 | D:1      | Reached XP level 2. HP: 7/17 MP: 1/5
   192 | D:2      | Found a shattered altar of Ashenzari.
   196 | D:2      | Found a bloodstained altar of Trog.
   202 | D:2      | Found a hazy altar of Hepliaklqana.
   203 | D:2      | Found a blossoming altar of Fedhas.
   221 | D:2      | Mangled by a worm

Vault maps used:
D:1:      wheals_arrival_shading
D:2:      brannock_xom_greatest_gift, minitemple, first_bread,
          lemuel_flame_loot_1

Skill      XL: |  1 |
---------------+----+-----
Unarmed Combat | 1 |  1.9
Dodging        | |  2.0
Stealth        | |  2.6
Spellcasting   | |  2.0
Necromancy     | |  4.0

Action                   || total
-------------------------++-------
Melee: Unarmed           ||    18
       Constrict         ||     6
       Tentacles         ||     2
 Cast: Pain              ||     5
       Animate Skeleton  ||     5
 Stab: Sleeping          ||     2
Armor: Skin              ||     3
Dodge: Dodged            ||     9
